 Dungeon Crawl Stone Soup version 0.23.2-1-ga50397a6bc (webtiles) character file.

Game seed: 13281911910217635903

42462 Gargoyl the Corrupter of Planes (level 13, -3/113 HPs)
             Began as a Centaur Abyssal Knight on May 26, 2019.
             Was the Champion of Lugonu.
             Slain by a fire crab (8 damage)
             ... on level 6 of the Lair of Beasts.
             The game lasted 00:29:47 (16800 turns).

Gargoyl the Corrupter of Planes (CeAK)             Turns: 16800, Time: 00:29:47

Health: -3/113     AC: 16    Str: 18    XL:     13   Next: 85%
Magic:  21/21      EV:  5    Int: 13    God:    Lugonu [******]
Gold:   1127       SH: 16    Dex: 11    Spells: 12/12 levels left

rFire    . . .     SeeInvis .   A - +7 war axe (elec)
rCold    + . .     Gourm    .   l - +2 large shield
rNeg     . . .     Faith    .   y - +5 chain mail (curse)
rPois    +         Spirit   .   p - +0 helmet
rElec    .         Reflect  .   (no cloak)
rCorr    .         Harm     .   (no gloves)
MR       +....                  (no barding)
Stlth    ..........             o - amulet of regeneration
HPRegen  0.68/turn              b - ring of poison resistance
MPRegen  0.17/turn              h - ring of protection from magic

@: very quick
A: large, hooves 3, clever 1, cold resistance 1, deformed body, speed 2, tough
skin 3
a: Depart the Abyss, Bend Space, Banish, Corrupt, Enter the Abyss, Brand Weapon
With Distortion, Renounce Religion


You were on level 6 of the Lair of Beasts.
You worshipped Lugonu.
Lugonu was exalted by your worship.
You were not hungry.

You visited 2 branches of the dungeon, and saw 16 of its levels.
You visited the Abyss 1 time.
You also visited: Volcano.

You collected 1527 gold pieces.
You spent 400 gold pieces at shops.

Inventory:

Hand Weapons
 a - a +3 hand axe of flaming
 A - a +7 war axe of electrocution (weapon)
 K - the +6 bardiche "Rotuz" {chop, MR+, unknown}
   (You found it on level 6 of the Lair of Beasts)

   It inflicts extra damage upon your enemies.
   It affects your resistance to hostile enchantments.
Missiles
 E - 3 javelins (quivered)
Armour
 g - a scarf of repulsion
 l - a +2 large shield (worn)
 p - a +0 helmet (worn)
 t - a +1 cloak
 y - a cursed +5 chain mail (worn)
Jewellery
 b - a ring of poison resistance (left hand)
 d - an uncursed ring of see invisible
 h - a ring of protection from magic (right hand)
 k - a +3 amulet of reflection
 o - an amulet of regeneration (around neck)
 B - an uncursed ring of resist corrosion
 F - an uncursed ring of ice {unknown}
 J - a cursed -3 ring of dexterity {unknown}
Wands
 n - a wand of enslavement (7)
 q - a wand of paralysis (19)
 u - a wand of random effects (10)
 z - a wand of polymorph (5)
 C - a wand of digging (7)
 H - a wand of flame (16)
Scrolls
 f - 6 scrolls of teleportation
 i - 16 scrolls of remove curse
 r - a scroll of magic mapping
 s - 5 scrolls of identify
 x - a scroll of fear
Potions
 e - 2 potions of cancellation
 j - 2 potions of haste
 m - 5 potions of flight
 v - a potion of magic
 w - 2 potions of curing
 D - 2 potions of might
 G - a potion of agility {unknown}
 I - a potion of ambrosia {unknown}
Comestibles
 c - 46 rations


   Skills:
 + Level 10.1 Fighting
 + Level 10.7 Axes
 * Level 9.4 Armour
 * Level 6.9 Dodging
 + Level 6.0 Shields
 * Level 10.8 Invocations


You had 12 spell levels left.
You didn't know any spells.
Your spell library contained the following spells:

 Spells                   Type           Power        Failure   Level  Hunger
 Animate Skeleton         Necr           N/A          100%        1    ##.....
 Magic Dart               Conj           #...         100%        1    ##.....
 Pain                     Necr           #...         100%        1    ##.....
 Blink                    Tloc           N/A          100%        2    ###....
 Searing Ray              Conj           #.....       100%        2    ###....
 Shroud of Golubria       Chrm/Tloc      #.........   100%        2    ###....
 Dazzling Spray           Conj/Hex       #.....       100%        3    ####...
 Gell's Gravitas          Tloc           #.........   100%        3    ####...
 Lesser Beckoning         Tloc           #.........   100%        3    ####...
 Regeneration             Chrm/Necr      #.........   100%        3    ####...
 Teleport Other           Tloc           #.......     100%        3    ####...
 Vampiric Draining        Necr           #.........   100%        3    ####...
 Animate Dead             Necr           N/A          100%        4    #####..
 Force Lance              Conj/Tloc      #.......     100%        4    #####..
 Fulminant Prism          Conj/Hex       #.........   100%        4    #####..
 Iskenderun's Mystic Bla  Conj           #.......     100%        4    #####..
 Passage of Golubria      Tloc           N/A          100%        4    #####..
 Summon Lightning Spire   Summ/Air       #.......     100%        4    #####..
 Bolt of Magma            Conj/Fire/Erth #.........   100%        5    ######.
 Iskenderun's Battlesphe  Conj/Chrm      #.......     100%        5    ######.
 Silence                  Hex/Air        #.........   100%        5    ######.
 Venom Bolt               Conj/Pois      #.........   100%        5    ######.
 Conjure Ball Lightning   Conj/Air       #.........   100%        6    #######
 Deflect Missiles         Chrm/Air       #.........   100%        6    #######
 Iron Shot                Conj/Erth      #.........   100%        6    #######
 Orb of Destruction       Conj           #.........   100%        7    #######
 Spellforged Servitor     Conj/Summ      #.........   100%        7    #######
 Tornado                  Air            #.........   100%        9    #######


Dungeon Overview and Level Annotations

Branches:
Dungeon (10/15)            Temple (0/1) D:5            Lair (6/6) D:10
  Swamp (0/4) Lair:2        Snake (0/4) Lair:4        Slime (0/5) Lair:5
    Orc: D:9-12

Altars:
Cheibriados
Gozag
Hepliaklqana
Trog
Wu Jian
Zin
Jiyva

Shops:
D:4 %   D:7 :=***   D:8 *   D:9 *

Annotations:
Lair:6 2 runed translucent doors


Innate Abilities, Weirdness & Mutations

You have hooves in place of feet.
Armour fits poorly on your strangely shaped body.
You cover ground very quickly.
You have extremely tough skin. (AC +3)
Your mind is acute. (Int +2)
Your flesh is cold resistant. (rC+)


Message History

The basilisk is engulfed in blazing flames.
The komodo dragon is engulfed in blazing flames.
The fire crab bites you.
* * * LOW HITPOINT WARNING * * *
You are engulfed in flames!
* * * LOW HITPOINT WARNING * * *
You block the fire crab's attack.
You slash the fire crab!
The fire crab is moderately wounded.
You slash the basilisk!
You kill the basilisk!
Lugonu accepts your kill. You block the fire crab's attack. x2
Unknown command.
You feel better.
The fire crab bites you but does no damage.
The fire crab claws you!
* * * LOW HITPOINT WARNING * * *
You are engulfed in flames!
You die...

,,,**,,,**≈,,,*,,*8*§≈≈*##....##.
,,*≈≈≈,*≈≈≈≈≈#.....#.≈≈#*##...###
,,≈≈,,≈≈≈≈≈≈##.......§§§* #....##
,,≈,*****#≈##........§≈§**#......
,≈≈**,,,,*#§§........§§§≈*##.....
≈≈≈*,,,,,,#≈≈§.....D..#≈≈* #.....
,,,+..,,,,#≈≈≈.......#*≈** #.....
,,,+...,,,#≈≈§..l...##*≈≈* #.....
≈≈≈#....,,#≈≈#..@t...#≈≈≈* #.....
,≈≈*#..D,##§≈###....##≈≈** #.....
,*≈≈######°§°#°..#8#8#≈≈≈*##.....
**≈≈≈≈≈§≈§§°≈°.≈####*#≈*≈*#......
***≈###§§≈≈#°.#≈°○#*≈≈≈***#.[....
***##...§≈.°.###°§≈≈≈§** ##......
§≈##....≈#....8##°≈###* ##.......
§≈#.....#.....##*#≈§§**##........
≈.......#....8# *##≈§*#.........


You could see a seven-headed hydra, a fire crab and a komodo dragon.

Vanquished Creatures
  Snorg (Lair:3)
  3 hydras
  6 death yaks (Lair:3)
  A catoblepas (Lair:6)
  2 skeletal warriors (Volcano)
  An oklob plant (D:10)
  3 elephants (Lair:2)
  A guardian serpent (Lair:4)
  5 black mambas
  3 molten gargoyles (Lair:6)
  4 gargoyles (Volcano)
  6 torpor snails
  7 spiny frogs
  10 komodo dragons
  2 rime drakes
  2 trolls
  A hornet (Lair:1)
  A polar bear (Lair:2)
  12 hippogriffs
  A bog body (Lair:2)
  2 harpy skeletons (Volcano)
  3 flying skulls (Volcano)
  4 wyverns
  7 basilisks
  17 yaks
  2 alligator skeletons (Volcano)
  A human (D:7)
  Grum (Lair:1)
  2 steam dragons
  4 hogs (D:7)
  A hungry ghost (D:8)
  10 water moccasins
  2 hell hounds (Lair:6)
  An orc warrior (D:9)
  5 porcupines
  An ice beast (D:3)
  3 sky beasts
  A black bear (Lair:2)
  7 ogres
  2 phantoms (D:4)
  4 centaurs
  44 wolves
  8 crocodiles
  A big kobold (D:8)
  13 bullfrogs
  A wyvern skeleton (D:8)
  3 scorpions
  3 killer bees (D:9)
  A troll skeleton (Volcano)
  5 spriggan skeletons (Volcano)
  2 electric eels
  A crimson imp (D:9)
  3 lava snakes (Lair:6)
  A bullfrog zombie (D:10)
  4 hounds
  A quasit (D:9)
  A jelly (D:7)
  7 orc priests
  3 bullfrog skeletons
  7 iguanas
  8 orc wizards
  6 worker ants
  Natasha (twice) (D:2)
  A naga skeleton (Volcano)
  A worker ant zombie (D:10)
  Robin (D:2)
  21 adders
  3 shadow imps
  2 oozes
  An adder zombie (D:7)
  2 adder skeletons
  3 worms (D:3)
  6 dart slugs
  6 leopard geckos
  29 orcs
  2 ball pythons
  7 giant cockroaches
  16 goblins
  8 hobgoblins
  4 jackals (D:4)
  5 quokkas
  5 bats
  3 frilled lizards (D:2)
  8 kobolds
  8 rats
  A butterfly (Lair:4)
  A fungus (Lair:1)
  5 plants
426 creatures vanquished.

Vanquished Creatures (collateral kills)
  A tentacled starspawn (Abyss:2)
  A large abomination (Abyss:2)
2 creatures vanquished.

Vanquished Creatures (others)
  A hydra (Lair:4)
  A two-headed ogre (D:8)
  The ghost of Foic the Eclecticist, a journeyman DEWz of Sif Muna (Lair:1)
  An orc (D:7)
  A bush (Lair:4)
  4 fungi
  3 plants
  5 starspawn tentacles (Abyss:2)
17 creatures vanquished.

Grand Total: 445 creatures vanquished

Notes
Turn   | Place    | Note
-------+----------+-------------------------------------------
     0 | Abyss:1  | Gargoyl the Centaur Abyssal Knight began the quest for the
                  | Orb.
     0 | Abyss:1  | Reached XP level 1. HP: 19/19 MP: 2/2
    18 | Abyss:1  | Found a corrupted altar of Lugonu.
   111 | Abyss:2  | Noticed a tentacled starspawn
   120 | Abyss:2  | Killed a tentacled starspawn
   120 | Abyss:2  | Reached XP level 2. HP: 34/34 MP: 2/4
   120 | Abyss:2  | Reached XP level 3. HP: 39/39 MP: 2/5
   120 | Abyss:2  | Reached XP level 4. HP: 47/47 MP: 2/6
   120 | Abyss:2  | Reached XP level 5. HP: 52/52 MP: 2/7
   120 | Abyss:2  | Reached XP level 6. HP: 60/60 MP: 2/8
   120 | Abyss:2  | Reached XP level 7. HP: 66/66 MP: 2/9
   128 | Abyss:2  | Noticed a large abomination
   142 | Abyss:2  | Killed a large abomination
   145 | Abyss:2  | Noticed a daeva
   156 | D:1      | Escaped the Abyss
   338 | D:1      | Reached * piety under Lugonu
   826 | D:2      | Noticed Natasha
   831 | D:2      | Killed Natasha
   838 | D:2      | Reached skill level 1 in Dodging
  1116 | D:2      | Noticed Robin
  1127 | D:2      | Reached ** piety under Lugonu
  1139 | D:2      | Killed Robin
  1284 | D:2      | Noticed Natasha
  1293 | D:2      | Killed Natasha
  1293 | D:2      | Reached XP level 8. HP: 69/73 MP: 10/10
  1872 | D:3      | Reached *** piety under Lugonu
  2300 | D:4      | Found an ornate altar of the Wu Jian Council.
  2302 | D:4      | Found a hazy altar of Hepliaklqana.
  2495 | D:4      | You fall through a shaft for 3 floors!
  2553 | D:7      | Found Zonedw Qecs's Book Boutique.
  2647 | D:7      | Found an opulent altar of Gozag.
  2918 | D:6      | Reached skill level 5 in Axes
  3022 | D:5      | Entered Level 5 of the Dungeon
  3057 | D:5      | Reached skill level 5 in Invocations
  3173 | D:4      | Reached **** piety under Lugonu
  3173 | D:4      | Reached XP level 9. HP: 66/81 MP: 12/12
  3632 | D:4      | Found Xydob's Food Shop.
  3933 | D:5      | Found a staircase to the Ecumenical Temple.
  4363 | D:6      | Gained mutation: You are clumsy. (Dex -2) [potion of
                  | mutation]
  4363 | D:6      | Gained mutation: Your mind is acute. (Int +2) [potion of
                  | mutation]
  4489 | D:6      | Lost mutation: You are clumsy. (Dex -2) [potion of
                  | mutation]
  4489 | D:6      | Lost mutation: Your mind is acute. (Int +2) [potion of
                  | mutation]
  4489 | D:6      | Gained mutation: Your flesh is cold resistant. (rC+)
                  | [potion of mutation]
  4489 | D:6      | Gained mutation: Your mind is acute. (Int +2) [potion of
                  | mutation]
  5131 | D:7      | Found Vint's General Store.
  5134 | D:7      | Found Palyfit's General Store.
  5140 | D:7      | Reached skill level 1 in Shields
  5165 | D:7      | Bought a scroll of enchant armour for 90 gold pieces
  5219 | D:7      | Reached skill level 5 in Armour
  5281 | D:7      | Found Hero's Jewellery Boutique.
  5634 | D:7      | Found Asokyg's General Store.
  5904 | D:8      | Reached XP level 10. HP: 47/88 MP: 14/14
  6084 | D:8      | Reached ***** piety under Lugonu
  6111 | D:8      | Noticed a two-headed ogre
  6130 | D:8      | Banished a two-headed ogre
  6247 | D:8      | Found Zabbuaq's Assorted Antiques.
  6285 | D:7      | Bought a +2 war axe of electrocution for 310 gold pieces
  7234 | D:9      | Found Zin's Purification Station.
  7237 | D:9      | Found a glowing silver altar of Zin.
  7352 | D:9      | Found a bloodstained altar of Trog.
  7602 | D:10     | Entered Level 10 of the Dungeon
  8105 | D:10     | Noticed an oklob plant
  8112 | D:10     | Found a staircase to the Lair.
  8711 | D:10     | HP: 4/90 [acid (11)]
  8910 | D:10     | Killed an oklob plant
  9009 | Lair:1   | Entered Level 1 of the Lair of Beasts
  9080 | Lair:1   | Noticed a black mamba
  9135 | Lair:1   | Killed a black mamba
  9135 | Lair:1   | Reached XP level 11. HP: 34/95 MP: 16/16
  9411 | Lair:1   | Noticed Grum
  9447 | Lair:1   | Killed Grum
  9629 | Lair:1   | Found a snail-covered altar of Cheibriados.
  9732 | Lair:1   | Noticed a six-headed hydra
  9735 | Lair:1   | Banished a six-headed hydra
  9974 | Lair:1   | Found a runed translucent door.
  9974 | Lair:1   | Noticed Foic's ghost (journeyman DEWz)
 10029 | Lair:1   | Banished Foic's ghost
 10580 | Lair:2   | Reached skill level 5 in Dodging
 10808 | Lair:2   | Found a staircase to the Swamp.
 11061 | Lair:2   | Reached XP level 12. HP: 97/104 MP: 18/18
 12155 | Lair:3   | Noticed Snorg
 12205 | Lair:3   | Killed Snorg
 12825 | Lair:4   | Noticed a six-headed hydra
 12828 | Lair:4   | Banished a six-headed hydra
 12857 | Lair:4   | Noticed a death yak
 12858 | Lair:4   | Noticed a death yak
 12858 | Lair:4   | Noticed a death yak
 12860 | Lair:4   | Noticed a death yak
 12860 | Lair:4   | Noticed a death yak
 12862 | Lair:4   | Noticed a death yak
 12884 | Lair:3   | Killed a death yak
 12894 | Lair:3   | Killed a death yak
 12985 | Lair:3   | Killed a death yak
 13043 | Lair:3   | Killed a death yak
 13054 | Lair:3   | Killed a death yak
 13059 | Lair:3   | Killed a death yak
 13059 | Lair:3   | Reached skill level 5 in Shields
 13178 | Lair:4   | Reached skill level 10 in Invocations
 13236 | Lair:4   | Reached XP level 13. HP: 66/112 MP: 20/20
 13310 | Lair:4   | Identified a scroll of acquirement
 13873 | Lair:4   | Found a staircase to the Snake Pit.
 13882 | Lair:4   | Reached skill level 10 in Axes
 14041 | Lair:5   | Found a runed translucent door.
 14041 | Lair:5   | Found a viscous altar of Jiyva.
 14041 | Lair:5   | Found a staircase to the Slime Pits.
 14708 | Lair:5   | Noticed an azure jelly
 14869 | Lair:6   | Entered Level 6 of the Lair of Beasts
 15116 | Lair:6   | Found a dark tunnel.
 15126 | Volcano  | Entered a volcano
 15250 | Volcano  | Reached ****** piety under Lugonu
 16077 | Lair:6   | Reached skill level 10 in Fighting
 16353 | Lair:6   | Got an ichor-stained bardiche
 16759 | Lair:6   | Found a large runed translucent door.
 16760 | Lair:6   | Found a large runed translucent door.
 16763 | Lair:6   | Noticed a fire dragon
 16798 | Lair:6   | HP: 3/113 [fire crab (8)]
 16800 | Lair:6   | Slain by a fire crab

Skill      XL: |  1  2  3  4  5  6  7  8  9 10 11 12 13 |
---------------+----------------------------------------+-----
Fighting       | 7 8 9 10 | 10.1
Axes           | 3 5 6 7 8 9 10 | 10.7
Armour         | 2 3 4 5 6 7 8 9 |  9.4
Invocations    | 3 5 6 7 8 10 | 10.8
Dodging        | 1 2 3 4 5 6 |  6.9
Shields        | 1 3 4 5 6 |  6.0

Action                   |  1- 3 |  4- 6 |  7- 9 | 10-12 | 13-15 || total
-------------------------+-------+-------+-------+-------+-------++-------
Melee: Hand axe          |       |       |   591 |    34 |    31 ||   656
       Kick              |       |       |   155 |   117 |   100 ||   372
       War axe           |       |       |       |   522 |   301 ||   823
Invok: Depart the Abyss  |       |       |     1 |       |       ||     1
       Banish            |       |       |       |    10 |       ||    10
       Bend Space        |       |       |       |     2 |       ||     2
  Use: Scroll            |     1 |       |    20 |    17 |     7 ||    45
       Potion            |       |       |     2 |     7 |     2 ||    11
 Stab: Invisible         |       |       |       |     5 |       ||     5
  Eat: Chunk             |       |       |    13 |    25 |     7 ||    45
       Ration            |       |       |       |       |     1 ||     1
Armor: Ring mail         |       |       |   147 |       |       ||   147
       Leather armour    |       |       |     4 |       |       ||     4
       Chain mail        |       |       |   115 |   454 |   159 ||   728
       Skin              |       |       |       |     9 |       ||     9
Dodge: Dodged            |       |       |   184 |    78 |    54 ||   316
Block: Large shield      |       |       |   153 |   588 |   303 ||  1044
